[Event "Titled Tuesday Blitz May 23 Late 2023"]
[White "Bogaudinov, Rushan"]
[Black "Sariego Figueredo, Wilfredo"]
[WhiteFideId "4129288"]
[BlackFideId "3500080"]
[WhiteElo "1941"]
[BlackElo "2309"]
[Result "1-0"]
[Round "06"]
[TimeControl "180+2"]
[Date "2023.05.23"]
[WhiteClock "0:02:00"]
[BlackClock "0:01:13"]

1. a4 c5 2. h4 d5 3. d3 e5 4. h5 Nc6 5. Nc3 Be6 6. Nf3 Nf6 7. h6 g6 8. Ng5 Be7 9. e4 dxe4 10. Nxe6 fxe6 11. Bg5 exd3 12. Bxd3 Kf7 13. O-O Nd4 14. Re1 Qb8 15. Nb5 a6 16. Nxd4 exd4 17. Bc4 Re8 18. Rxe6 1-0


[Site "https://www.chess.com"]

[Event "Titled Tuesday Blitz May 23 Late 2023"]
[White "Ziatdinov, Raset"]
[Black "Antonova, Nadezhda"]
[WhiteFideId "2015323"]
[BlackFideId "14700182"]
[WhiteElo "2220"]
[BlackElo "1799"]
[Result "1/2-1/2"]
[Round "06"]
[TimeControl "180+2"]
[Date "2023.05.23"]
[WhiteClock "0:00:10"]
[BlackClock "0:00:03"]

1. e4 c6 2. d4 d5 3. Nc3 dxe4 4. Nxe4 Bf5 5. Ng3 Bg6 6. h4 h6 7. h5 Bh7 8. Nf3 Nd7 9. Bd3 Bxd3 10. Qxd3 e6 11. Bd2 Ngf6 12. O-O-O Qc7 13. Ne4 Be7 14. Kb1 O-O 15. g4 Nxe4 16. Qxe4 Nf6 17. Qe2 Nd5 18. Ne5 c5 19. g5 hxg5 20. h6 g6 21. Nxg6 fxg6 22. Qxe6+ Kh7 23. Qxd5 Rad8 24. Qg2 Rxd4 25. Bxg5 Bxg5 26. Qxg5 Qd8 27. Qxd8 Rfxd8 28. Rde1 R8d7 29. b3 Rd2 30. f4 Rf2 31. Re5 b6 32. Re4 Rf7 33. Rh4 Rd7 34. Kb2 Rf7 35. Kc3 Rf3+ 36. Kc4 Rf2 37. Kc3 Rf3+ 38. Kb2 Rf2 39. a3 Rf3 40. b4 cxb4 41. axb4 Rc7 42. Re2 Rf7 43. Re4 Rc7 44. c4 Rd7 45. Re2 Rf7 46. b5 R3xf4 47. Rxf4 Rxf4 48. Re7+ Kxh6 49. Kb3 Rf3+ 50. Kb4 g5 51. Rxa7 g4 52. Ra6 g3 53. Rxb6+ Kh5 54. Rb8 Rf4 55. Rh8+ Kg4 56. Rh1 g2 57. Rg1 Kg3 58. b6 Kf2 59. Rxg2+ Kxg2 60. Kb5 Rf1 61. c5 Rb1+ 62. Kc6 Kf3 63. b7 Ke4 64. Kc7 Kd5 65. c6 Kc5 66. Kd7 Rb6 67. c7 Rxb7 68. Kd8 Rxc7 69. Kxc7 1/2-1/2


[Site "https://www.chess.com"]

[Event "Titled Tuesday Blitz May 23 Late 2023"]
[White "Alimpic, Aleksa"]
[Black "Chlpik, Martin"]
[WhiteFideId "974323"]
[BlackFideId "14923351"]
[WhiteElo "2298"]
[BlackElo "2109"]
[Result "0-1"]
[Round "06"]
[TimeControl "180+2"]
[Date "2023.05.23"]
[WhiteClock "0:00:00"]
[BlackClock "0:00:30"]

1. Nf3 c5 2. c4 a6 3. g3 b5 4. Bg2 Bb7 5. b3 e5 6. O-O e4 7. Ne1 Nf6 8. d3 Bd6 9. Bb2 Qe7 10. dxe4 Nxe4 11. Bxg7 Be5 12. Bxh8 Bxh8 13. Na3 Nc3 14. Qc2 Nxe2+ 15. Kh1 Bxg2+ 16. Kxg2 Bxa1 17. Nf3 Bc3 18. Nb1 Ba5 19. Nbd2 Nd4 20. Qxh7 Bxd2 21. Nxd2 Nbc6 22. Qh8+ Qf8 23. Re1+ Ne6 24. Qf6 d6 25. Ne4 Kd7 26. Rd1 Ncd4 27. Nc3 Qg7 28. Qh4 Nf5 29. Qe4 Qxc3 30. Qxa8 Ne3+ 31. fxe3 Qc2+ 32. Kf3 Qxd1+ 0-1


[Site "https://www.chess.com"]

[Event "Titled Tuesday Blitz May 23 Late 2023"]
[White "Rodriguez Santiago, Jaime"]
[Black "Brown, Raehanna"]
[WhiteFideId "3100898"]
[BlackFideId "7402740"]
[WhiteElo "2025"]
[BlackElo "1655"]
[Result "1-0"]
[Round "06"]
[TimeControl "180+2"]
[Date "2023.05.23"]
[WhiteClock "0:00:47"]
[BlackClock "0:00:14"]

1. d4 Nf6 2. c4 g6 3. Nc3 Bg7 4. e4 d6 5. Be2 O-O 6. Bg5 c5 7. d5 Nbd7 8. Qd2 a6 9. a4 Ne8 10. Bh6 Nc7 11. Bxg7 Kxg7 12. h4 b5 13. axb5 axb5 14. Rxa8 Nxa8 15. Nxb5 Ba6 16. Nc3 Qa5 17. h5 Qa1+ 18. Bd1 Kg8 19. hxg6 fxg6 20. b3 Ne5 21. Nge2 Nb6 22. O-O Qa5 23. f4 Ng4 24. Nc1 Nf6 25. e5 Nfd7 26. exd6 exd6 27. Bc2 Re8 28. f5 Bxc4 29. bxc4 Nxc4 30. Qd3 Nde5 31. Qh3 g5 32. f6 Qa7 33. f7+ Nxf7 34. Qxh7+ Kf8 35. Bg6 Re7 36. Qh8# 1-0


[Site "https://www.chess.com"]

[Event "Titled Tuesday Blitz May 23 Late 2023"]
[White "Dubreuil, Julien"]
[Black "Kev4444444444"]
[WhiteFideId "621285"]
[WhiteElo "2313"]
[BlackElo "2161"]
[Result "1-0"]
[Round "06"]
[TimeControl "180+2"]
[Date "2023.05.23"]
[WhiteClock "0:00:25"]
[BlackClock "0:00:02"]

1. e4 c5 2. Nf3 g6 3. d4 cxd4 4. c3 dxc3 5. Nxc3 Bg7 6. Bc4 a6 7. O-O Nc6 8. e5 b5 9. Bb3 Bb7 10. Re1 Qa5 11. Bg5 h6 12. Bh4 g5 13. Bg3 O-O-O 14. Rc1 e6 15. Ne4 Kb8 16. Nd6 Rf8 17. Nxb7 Kxb7 18. Qxd7+ Qc7 19. Red1 Nge7 20. Qxc7+ Kxc7 21. Rd6 Rc8 22. Nd4 Kb7 23. Rd7+ Rc7 24. Rxc7+ Kxc7 25. Bxe6 Kb6 26. Nxc6 Nxc6 27. Bxf7 Nxe5 28. Bb3 Nc6 29. Re1 Bxb2 30. h4 Rf8 31. hxg5 hxg5 32. Re6 Rf6 33. Re8 Bd4 34. Re6 Rxe6 35. Bxe6 a5 36. Kh2 Kc5 37. Kh3 Ne5 38. f4 gxf4 39. Bxf4 Ng6 40. Bg5 a4 41. Kg4 Kb4 42. Kf5 Nf8 43. Be7+ Bc5 44. a3+ Ka5 45. Bxc5 Nxe6 46. Bb4+ Kb6 47. Kxe6 Kc6 48. g3 1-0


[Site "https://www.chess.com"]

[Event "Titled Tuesday Blitz May 23 Late 2023"]
[White "Cooklev, Steven"]
[Black "Florianovitz, Derlei Alex"]
[WhiteFideId "2050552"]
[BlackFideId "2114178"]
[WhiteElo "2305"]
[BlackElo "1953"]
[Result "1-0"]
[Round "06"]
[TimeControl "180+2"]
[Date "2023.05.23"]
[WhiteClock "0:00:09"]
[BlackClock "0:00:19"]

1. e4 e6 2. d4 d5 3. Nd2 c5 4. Ngf3 cxd4 5. Nxd4 Nc6 6. Bb5 Bd7 7. Nxc6 bxc6 8. Bd3 Bd6 9. Qe2 Qc7 10. Nf3 dxe4 11. Qxe4 Nf6 12. Qh4 Be7 13. Qg3 Qxg3 14. hxg3 c5 15. Ne5 Nd5 16. Bd2 Bf6 17. Nxd7 Kxd7 18. O-O-O h6 19. c4 Nb6 20. Be4 Nxc4 21. Bc3+ Kc7 22. Bxf6 gxf6 23. Bxa8 Rxa8 24. Rxh6 f5 25. Rh7 Nd6 26. Rdh1 Rb8 27. Rh8 Rb4 28. Ra8 Ra4 29. a3 c4 30. Rh4 e5 31. f3 Kb7 32. Rd8 Kc7 33. Ra8 Kb7 34. Rg8 e4 35. fxe4 fxe4 36. Rd8 Kc7 37. Ra8 Ra5 38. Rf4 Kb7 39. Rd8 Kc7 40. Rxd6 Kxd6 41. Rxe4 Rg5 42. Re3 Kd5 43. Kc2 Kd4 44. Rf3 f5 45. Rf4+ Kd5 46. Rf3 Kd4 47. a4 a5 48. Kd2 Ke4 49. Kc3 Kd5 50. Re3 Rg4 51. Rf3 Rg5 52. b3 cxb3 53. Kxb3 Ke4 54. Kc4 Rh5 55. Rf1 Rg5 56. Re1# 1-0


[Site "https://www.chess.com"]

[Event "Titled Tuesday Blitz May 23 Late 2023"]
[White "Kostiukov, Alexandr"]
[Black "Lonoff, Marc"]
[WhiteFideId "14108100"]
[BlackFideId "2001349"]
[WhiteElo "2202"]
[BlackElo "2117"]
[Result "1-0"]
[Round "06"]
[TimeControl "180+2"]
[Date "2023.05.23"]
[WhiteClock "0:01:24"]
[BlackClock "0:00:00"]

1. g3 g6 2. Bg2 Bg7 3. Nf3 c5 4. c4 Nc6 5. O-O e5 6. Nc3 Nge7 7. Ne1 O-O 8. Nc2 d6 9. Ne3 Be6 10. Ned5 Bxd5 11. Nxd5 Nxd5 12. Bxd5 Qc7 13. d3 Nd4 14. Rb1 a5 15. a3 a4 16. e3 Nb3 17. Bd2 Rab8 18. Bc3 Kh8 19. h4 Qe7 20. h5 Qg5 21. Kg2 Qxh5 22. Qxh5 gxh5 23. Rh1 f5 24. Rxh5 Rf6 25. Rbh1 h6 26. f4 Rg6 27. Rxf5 exf4 28. exf4 Bxc3 29. bxc3 b5 30. cxb5 Rxb5 31. Rf8+ Kg7 32. Rg8+ Kf6 33. Rd8 Ke7 34. Ra8 Nd2 35. Re1+ Kf6 36. Re6+ Kg7 37. Ra7+ 1-0


[Site "https://www.chess.com"]

[Event "Titled Tuesday Blitz May 23 Late 2023"]
[White "Levitan, Ronit"]
[Black "Luxama, Jacques Muller"]
[WhiteFideId "2815109"]
[BlackFideId "11900113"]
[WhiteElo "1930"]
[BlackElo "1931"]
[Result "0-1"]
[Round "06"]
[TimeControl "180+2"]
[Date "2023.05.23"]
[WhiteClock "0:00:02"]
[BlackClock "0:00:37"]

1. d4 Nf6 2. Nf3 d5 3. Bf4 Bf5 4. Nc3 c6 5. e3 e6 6. Ne2 Qb6 7. Qc1 Be7 8. Ng3 Bg6 9. h4 h5 10. c4 Nbd7 11. Be2 Bb4+ 12. Kf1 Ne4 13. Nxe4 Bxe4 14. c5 Qd8 15. Bd6 Ba5 16. Nd2 Bc7 17. Bxc7 Qxc7 18. Bf3 Bd3+ 19. Kg1 a5 20. Qc3 Bg6 21. Re1 O-O 22. e4 dxe4 23. Bxe4 Bxe4 24. Nxe4 b6 25. g3 bxc5 26. Nxc5 Nb6 27. Qf3 g6 28. Ne4 Nd5 29. Nf6+ Kg7 30. Ne4 Rab8 31. b3 Rb4 32. Rd1 Qb6 33. Nc5 e5 34. Nd7 Qc7 35. Nxf8 Kxf8 36. dxe5 Qxe5 37. Kg2 Re4 38. Rhf1 Re2 39. Kg1 Rxa2 40. Rfe1 Qc7 41. Rc1 Qd6 42. Qd3 Qf6 43. Re2 Ra1 44. Rxa1 Qxa1+ 45. Kg2 Kg7 46. Qe4 Kh7 47. Qc4 Qf6 48. Re8 Qd6 49. Qe2 Nf6 50. Rc8 Qd7 51. Qa6 Qd5+ 52. Kg1 Qd1+ 53. Kh2 Ng4+ 54. Kg2 Qd5+ 55. Kg1 Qf5 56. Qe2 Qxc8 57. Kg2 Qe6 58. Qd3 Qd5+ 0-1


[Site "https://www.chess.com"]

[Event "Titled Tuesday Blitz May 23 Late 2023"]
[White "Martinez, Ayelen"]
[Black "MunichMouse"]
[WhiteFideId "118702"]
[WhiteElo "2125"]
[BlackElo "2266"]
[Result "0-1"]
[Round "06"]
[TimeControl "180+2"]
[Date "2023.05.23"]
[WhiteClock "0:00:00"]
[BlackClock "0:00:04"]

1. e4 c5 2. d4 cxd4 3. c3 dxc3 4. Nxc3 e6 5. Nf3 Bc5 6. Bc4 Ne7 7. O-O O-O 8. Bg5 a6 9. Rc1 d6 10. Bb3 Nbc6 11. e5 d5 12. Nxd5 exd5 13. Rxc5 Be6 14. Nd4 Nxd4 15. Qxd4 Nc6 16. Rxc6 Qxg5 17. Rc7 b5 18. f4 Qd8 19. Rc6 g6 20. Rd6 Qh4 21. Bxd5 Bxd5 22. Qxd5 Rad8 23. g3 Qe7 24. f5 Rxd6 25. exd6 Qe3+ 26. Kg2 g5 27. f6 h6 28. d7 Rd8 29. Rf3 Qe6 30. Rd3 Qxf6 31. Qe4 Qxb2+ 32. Kh3 Qf6 33. Qe8+ Kg7 34. Qe4 Qe6+ 35. Qxe6 fxe6 36. Rd6 Kf6 37. Kg4 Ke7 38. Rxa6 Rxd7 39. Kh5 Rd2 40. h4 gxh4 41. gxh4 Rh2 42. Kg4 Rd2 43. Kh5 Rh2 44. Rb6 Kf6 45. Rxb5 Rxa2 46. Kxh6 Rh2 47. h5 e5 48. Rb8 e4 49. Rf8+ Ke5 50. Re8+ Kf4 51. Rf8+ Kg4 52. Rg8+ Kf3 53. Rf8+ Kg4 54. Re8 Rxh5+ 55. Kg7 Kf4 56. Kg6 Rg5+ 57. Kf6 Rf5+ 58. Kg6 Re5 59. Rf8+ Kg3 60. Kf6 Rb5 0-1


[Site "https://www.chess.com"]

[Event "Titled Tuesday Blitz May 23 Late 2023"]
[White "Simonovic, Miroslav"]
[Black "Burke, Paul"]
[WhiteFideId "919152"]
[BlackFideId "2605767"]
[WhiteElo "2042"]
[BlackElo "1888"]
[Result "1-0"]
[Round "06"]
[TimeControl "180+2"]
[Date "2023.05.23"]
[WhiteClock "0:02:13"]
[BlackClock "0:01:08"]

1. d4 a6 2. Bg5 h6 3. Bh4 g5 4. Bg3 d6 5. e3 Nd7 6. h4 gxh4 7. Bxh4 Bg7 8. c4 Ngf6 9. Nc3 e5 10. Be2 c6 11. Nf3 Qa5 12. dxe5 Nxe5 13. Nxe5 dxe5 14. Qd2 Bd7 15. O-O-O O-O-O 16. Qc2 Be6 17. Rxd8+ Rxd8 18. Rd1 Rxd1+ 19. Qxd1 Qd8 20. Qxd8+ Kxd8 21. Ne4 Ke7 22. Nc5 Bc8 23. a4 b6 24. Ne4 Ke6 25. Nxf6 Bxf6 26. Bg4+ 1-0


[Site "https://www.chess.com"]

[Event "Titled Tuesday Blitz May 23 Late 2023"]
[White "Vargas, Mauricio"]
[Black "lluiss"]
[WhiteFideId "4404572"]
[WhiteElo "1986"]
[BlackElo "2258"]
[Result "0-1"]
[Round "06"]
[TimeControl "180+2"]
[Date "2023.05.23"]
[WhiteClock "0:00:08"]
[BlackClock "0:01:46"]

1. e4 c5 2. Nc3 d6 3. f4 g6 4. Nf3 Bg7 5. Bb5+ Bd7 6. Bxd7+ Qxd7 7. d3 Nc6 8. O-O Nf6 9. Qe1 O-O 10. Ne2 b5 11. c3 a5 12. Qh4 Qg4 13. Qe1 b4 14. h3 Qd7 15. Bd2 a4 16. Qh4 a3 17. bxa3 bxc3 18. Nxc3 Rxa3 19. Rab1 Nd4 20. g4 Rxc3 21. Bxc3 Ne2+ 22. Kh1 Nxc3 23. Rb3 Nxa2 24. Rfb1 Nb4 25. e5 dxe5 26. fxe5 Qd5 27. Kg2 Nd7 28. Kg3 Nxe5 29. Ng5 h6 30. Nf3 Qxf3+ 31. Kh2 Nexd3 32. Qxe7 Be5+ 33. Kg1 Qf2+ 34. Kh1 Qh2# 0-1


[Site "https://www.chess.com"]

[Event "Titled Tuesday Blitz May 23 Late 2023"]
[White "Prado, Alexandra"]
[Black "dorpato"]
[WhiteFideId "3301346"]
[WhiteElo "1759"]
[BlackElo "2050"]
[Result "0-1"]
[Round "06"]
[TimeControl "180+2"]
[Date "2023.05.23"]
[WhiteClock "0:00:00"]
[BlackClock "0:00:14"]

1. e4 c5 2. Nc3 d6 3. g3 Nf6 4. Bg2 e6 5. d3 Be7 6. f4 Nc6 7. Nf3 O-O 8. O-O d5 9. exd5 Nxd5 10. Ne4 b6 11. Re1 Bb7 12. Bd2 Rc8 13. Qe2 Nf6 14. Bc3 Nxe4 15. dxe4 Qc7 16. Rad1 Rcd8 17. e5 a6 18. b3 b5 19. Bb2 Na5 20. Nd2 Bxg2 21. Qxg2 c4 22. Ne4 cxb3 23. cxb3 Nb7 24. Rc1 Qb6+ 25. Kh1 Nc5 26. Rcd1 Nd3 27. Rf1 Nxb2 28. Qxb2 Qc6 29. Qe2 Rd4 0-1


[Site "https://www.chess.com"]

[Event "Titled Tuesday Blitz May 23 Late 2023"]
[White "Santos Flores, Alberto"]
[Black "Stork, Oliver"]
[WhiteFideId "3601234"]
[BlackFideId "12955728"]
[WhiteElo "2235"]
[BlackElo "2239"]
[Result "1-0"]
[Round "06"]
[TimeControl "180+2"]
[Date "2023.05.23"]
[WhiteClock "0:01:19"]
[BlackClock "0:00:21"]

1. e4 c6 2. d4 d5 3. Nc3 dxe4 4. Nxe4 Nf6 5. Nxf6+ exf6 6. c3 Bd6 7. Bd3 O-O 8. Ne2 Nd7 9. O-O Re8 10. Ng3 Nf8 11. Qh5 Be6 12. f4 b5 13. Bd2 Qd7 14. f5 Bd5 15. Qg4 g6 16. Nh5 Be7 17. Rae1 Kh8 18. Bh6 Bc4 19. Bxc4 bxc4 20. Bg7+ Kg8 21. Bxf6 Qd6 22. Qg5 h6 23. Bxe7 hxg5 24. Nf6+ Qxf6 25. Bxf6 Rxe1 26. Rxe1 gxf5 27. Bxg5 Ne6 28. Bc1 Kg7 29. Rf1 Kg6 30. Kf2 Rh8 31. h3 a5 32. Re1 Kf6 33. Re5 Ra8 34. Kf3 a4 35. h4 Rh8 36. g3 Ra8 37. h5 Rh8 38. h6 Ng5+ 39. Bxg5+ Kxg5 40. g4 Rxh6 41. Rxf5+ Kg6 42. Ra5 Rh2 43. Rxa4 Rxb2 44. Rxc4 Rxa2 45. Rxc6+ 1-0


[Site "https://www.chess.com"]

[Event "Titled Tuesday Blitz May 23 Late 2023"]
[White "Hajiyev, Kanan"]
[Black "Quirke, Jeffrey"]
[WhiteFideId "13404148"]
[BlackFideId "2013029"]
[WhiteElo "2103"]
[BlackElo "2206"]
[Result "1-0"]
[Round "06"]
[TimeControl "180+2"]
[Date "2023.05.23"]
[WhiteClock "0:01:33"]
[BlackClock "0:00:00"]

1. d4 e6 2. Nf3 c5 3. c4 cxd4 4. Nxd4 d5 5. cxd5 exd5 6. Nc3 Nf6 7. Bg5 Be7 8. e3 O-O 9. Bd3 Nc6 10. Bc2 Be6 11. a3 Rc8 12. Qd3 Ne5 13. Qd2 Nc4 14. Qc1 h6 15. Bh4 Re8 16. O-O Kh8 17. a4 a6 18. Rb1 Qa5 19. Qe1 Qb4 20. Qe2 Ng4 21. Bxe7 Qxe7 22. Nxe6 Qxe6 23. Qd3 Nf6 24. Rfd1 Red8 25. Bb3 b5 26. axb5 axb5 27. Nxb5 Qe5 28. Qd4 Qh5 29. h3 Rb8 30. Bc2 Rxb5 31. Qxc4 Rbb8 32. Qd3 Ne4 33. b4 Qh4 34. Qe2 Rd6 35. Bxe4 1-0


[Site "https://www.chess.com"]

[Event "Titled Tuesday Blitz May 23 Late 2023"]
[White "Harish, Neeraj"]
[Black "Pan, Kevin"]
[WhiteFideId "30958130"]
[BlackFideId "30915708"]
[WhiteElo "1879"]
[BlackElo "2233"]
[Result "1-0"]
[Round "06"]
[TimeControl "180+2"]
[Date "2023.05.23"]
[WhiteClock "0:00:17"]
[BlackClock "0:00:23"]

1. e4 e5 2. Nf3 Nc6 3. Bc4 Bc5 4. O-O Nf6 5. d3 d6 6. c3 h6 7. Nbd2 a6 8. Re1 O-O 9. a4 Ba7 10. h3 Ne7 11. Nf1 Ng6 12. d4 Re8 13. Ng3 Bd7 14. Qc2 b5 15. axb5 axb5 16. Bd3 c5 17. d5 c4 18. Bf1 Bxf2+ 19. Qxf2 Rxa1 20. Be3 Rxe1 21. Qxe1 Nf4 22. Bf2 Qa5 23. Qe3 Ra8 24. Nh4 Qa1 25. Ngf5 Bxf5 26. Nxf5 Qxb2 27. Qg3 N6h5 28. Qg4 Ra2 29. Be3 g6 30. Nxh6+ Kh7 31. Nxf7 Ne2+ 32. Kh2 Neg3 33. Ng5+ Kh6 34. Ne6+ Nf4 35. Bxf4+ exf4 36. Qxf4+ Kh7 37. Qf7+ Kh6 38. Qg7+ Kh5 39. Qh7# 1-0


[Site "https://www.chess.com"]

[Event "Titled Tuesday Blitz May 23 Late 2023"]
[White "Matthew_Clarke"]
[Black "Powell, Paul"]
[BlackFideId "2005840"]
[WhiteElo "2258"]
[BlackElo "2080"]
[Result "1-0"]
[Round "06"]
[TimeControl "180+2"]
[Date "2023.05.23"]
[WhiteClock "0:00:01"]
[BlackClock "0:00:00"]

1. d4 Nf6 2. c4 e5 3. dxe5 Ne4 4. Nd2 Nxd2 5. Bxd2 Nc6 6. Nf3 Bc5 7. e3 O-O 8. Bd3 Re8 9. Bc3 Qe7 10. O-O d6 11. exd6 Bxd6 12. h3 Ne5 13. Nxe5 Bxe5 14. Bxe5 Qxe5 15. Qc2 h6 16. Be2 Bf5 17. Qb3 Rab8 18. Bf3 c6 19. Rfd1 Qf6 20. Rd4 Bxh3 21. Rad1 Be6 22. Qa3 a6 23. Qa5 Qe7 24. c5 Rec8 25. b4 Qf6 26. a4 Qe5 27. R1d2 g6 28. Qb6 h5 29. Bd1 Kg7 30. Bc2 Qf6 31. Rd6 h4 32. b5 h3 33. gxh3 Qg5+ 34. Kh2 Qe5+ 35. f4 Qxe3 36. f5 Qf4+ 37. Kg1 Bxf5 38. Bxf5 Qxf5 39. Rd7 Rh8 40. bxc6 Rxh3 41. Qc7 Qg4+ 42. Kf2 1-0


[Site "https://www.chess.com"]

[Event "Titled Tuesday Blitz May 23 Late 2023"]
[White "Narva, Triin"]
[Black "Castillo Pena, Patricia Evarista"]
[WhiteFideId "4502680"]
[BlackFideId "6412106"]
[WhiteElo "1944"]
[BlackElo "1919"]
[Result "1-0"]
[Round "06"]
[TimeControl "180+2"]
[Date "2023.05.23"]
[WhiteClock "0:00:02"]
[BlackClock "0:00:09"]

1. e4 c5 2. Nf3 d6 3. Bb5+ Bd7 4. Bxd7+ Qxd7 5. O-O Nf6 6. Qe2 Nc6 7. c3 e5 8. Rd1 Be7 9. d4 Qc7 10. d5 Nb8 11. c4 O-O 12. Nc3 a6 13. Bg5 Nbd7 14. Nh4 Rfe8 15. Nf5 Bf8 16. Rd3 Rab8 17. Rg3 b5 18. cxb5 axb5 19. Nh6+ gxh6 20. Bxf6+ Bg7 21. Bxg7 Nf8 22. Bxf8+ Kxf8 23. Qh5 b4 24. Qxh6+ Ke7 25. Ne2 Kd8 26. Rg7 Re7 27. Qxh7 Kc8 28. Rg8+ Kb7 29. Rxb8+ Qxb8 30. Ng3 Qf8 31. Nf5 Rd7 32. Qh6 Qd8 33. Rd1 f6 34. Rd3 c4 35. Rg3 Qa5 36. a3 bxa3 37. Qc1 a2 38. Ra3 Qc5 39. Rxa2 Rh7 40. Ra1 Rh5 41. h3 Rg5 42. Ne3 Qc8 43. Qxc4 Qxh3 44. Qc6+ Kb8 45. Ra8# 1-0


[Site "https://www.chess.com"]

[Event "Titled Tuesday Blitz May 23 Late 2023"]
[White "Bachmann, Axel"]
[Black "Bortnyk, Olexandr"]
[WhiteFideId "3700488"]
[BlackFideId "14120828"]
[WhiteElo "2605"]
[BlackElo "2734"]
[Result "1/2-1/2"]
[Round "07"]
[TimeControl "180+2"]
[Date "2023.05.23"]
[WhiteClock "0:00:10"]
[BlackClock "0:00:12"]

1. Nf3 Nf6 2. c4 b6 3. Nc3 Bb7 4. d4 g6 5. d5 Bg7 6. e4 O-O 7. Bd3 Na6 8. O-O Nc5 9. Bc2 a5 10. e5 Ng4 11. Re1 d6 12. Bf4 dxe5 13. Nxe5 Nxe5 14. Bxe5 Bxe5 15. Rxe5 e6 16. Qd2 Qh4 17. Rae1 Rad8 18. a3 exd5 19. cxd5 c6 20. g3 Qf6 21. b4 axb4 22. axb4 Ne6 23. d6 Ng5 24. Qxg5 Qxg5 25. Rxg5 Rxd6 26. Re7 Ba8 27. Rge5 Rd4 28. Re4 Rd2 29. Bb3 c5 30. Re2 Rd3 31. R2e3 Rd4 32. bxc5 bxc5 33. Ra7 c4 34. Bc2 Rfd8 35. Be4 Bxe4 36. Rxe4 Rd3 37. Rxc4 Rf3 38. Kg2 Rf5 39. Ne4 h5 40. Rc5 Rxc5 41. Nxc5 Rd5 42. Ne4 Re5 43. Kf3 Rf5+ 44. Ke3 Re5 45. f4 Rb5 46. Ng5 f6 47. Ne4 f5 48. Nf6+ Kf8 49. Kd4 h4 50. gxh4 Rb2 51. h3 Rb3 52. Nd5 Rxh3 53. Ke5 Rd3 54. Kf6 Ke8 55. Ke6 Kf8 56. Ne7 Kg7 57. Nxf5+ Kh8 58. Ne7 Kg7 59. Nd5+ Kh6 60. Ra6 Kh5 61. Ke5 Rd1 62. Nf6+ Kxh4 63. Ne4 Kh5 64. Ra8 Re1 65. Rg8 Re2 66. Rg7 Re1 67. Kd4 Kg4 68. Rf7 Rf1 69. Ke5 Re1 70. Rf6 Kf3 71. Rxg6 Rxe4+ 72. Kf5 Rxf4+ 73. Kg5 Ra4 74. Rf6+ Kg3 75. Kg6 Ra5 76. Kg7 Kg4 77. Rg6+ Kf5 78. Rf6+ Ke5 79. Kg6 Ra8 80. Rf5+ Ke4 81. Rf7 Ra6+ 82. Kg7 Ra1 83. Re7+ Kf5 84. Rf7+ Kg5 85. Rb7 Ra5 86. Rc7 Rb5 87. Rd7 Re5 88. Ra7 Re6 89. Ra5+ Kf4 90. Ra7 Re4 91. Rf7+ Ke3 92. Kf6 Rf4+ 93. Ke6 Rxf7 94. Kxf7 1/2-1/2


[Site "https://www.chess.com"]

[Event "Titled Tuesday Blitz May 23 Late 2023"]
[White "Carlsen, Magnus"]
[Black "Rasulov, Vugar"]
[WhiteFideId "1503014"]
[BlackFideId "13402390"]
[WhiteElo "2852"]
[BlackElo "2509"]
[Result "1/2-1/2"]
[Round "07"]
[TimeControl "180+2"]
[Date "2023.05.23"]
[WhiteClock "0:00:12"]
[BlackClock "0:00:14"]

1. e4 e5 2. Nf3 Nc6 3. Bb5 Nf6 4. d3 d6 5. O-O g6 6. c3 Bg7 7. Re1 O-O 8. Nbd2 a6 9. Ba4 Re8 10. h3 b5 11. Bc2 Bb7 12. a4 d5 13. Nb3 Qe7 14. Be3 Rad8 15. Qc1 Bc8 16. Bg5 Qd6 17. axb5 axb5 18. exd5 Qxd5 19. Nbd2 Rd6 20. b4 h6 21. Bxf6 Rxf6 22. Re3 Rf4 23. Bb3 Qd8 24. Ra8 Qe7 25. d4 Bb7 26. Rxe8+ Qxe8 27. Ne4 Rxe4 28. Rxe4 Nxd4 29. cxd4 Bxe4 30. Nxe5 Bxe5 31. dxe5 Qxe5 32. Qxh6 Qa1+ 33. Kh2 Qe5+ 34. Kg1 Qa1+ 35. Kh2 Qe5+ 36. g3 Qc3 37. Qf4 Qxb3 38. Qxe4 Qc4 39. Qe7 c6 40. Qd6 Kg7 41. h4 Qe4 42. Qc5 Kg8 43. Kg1 Qe1+ 44. Kg2 Qe4+ 45. Kf1 Kg7 46. Qc3+ Kg8 47. Qd2 Qh1+ 48. Ke2 Qe4+ 49. Kf1 Qh1+ 50. Ke2 Qe4+ 51. Kf1 1/2-1/2


[Site "https://www.chess.com"]

[Event "Titled Tuesday Blitz May 23 Late 2023"]
[White "Zakhartsov, Vladimir"]
[Black "Nakamura, Hikaru"]
[WhiteFideId "4145097"]
[BlackFideId "2016192"]
[WhiteElo "2495"]
[BlackElo "2885"]
[Result "1/2-1/2"]
[Round "07"]
[TimeControl "180+2"]
[Date "2023.05.23"]
[WhiteClock "0:00:05"]
[BlackClock "0:00:03"]

1. e4 e5 2. Nf3 Nc6 3. Nc3 Bb4 4. Nd5 Be7 5. d4 d6 6. Bb5 Bd7 7. Bxc6 bxc6 8. Nxe7 Qxe7 9. dxe5 dxe5 10. O-O f6 11. b3 Qb4 12. Qe2 Ne7 13. a4 Qc3 14. Ba3 Bg4 15. Qd3 Qxd3 16. cxd3 Bxf3 17. gxf3 Ng6 18. Rfc1 Kd7 19. Rc3 Rab8 20. Rac1 Nf4 21. Kf1 Ne6 22. Bc5 Nxc5 23. Rxc5 Rxb3 24. Rxc6 Rc8 25. Ke2 Rb6 26. R6c5 c6 27. Ke3 Rb3 28. h4 Rc7 29. R5c4 Kd6 30. Rd1 c5 31. f4 g6 32. fxe5+ fxe5 33. h5 g5 34. h6 Rb8 35. Rg1 Rg8 36. f3 Rg6 37. Rc2 Rf7 38. Rcg2 Rgf6 39. Rg3 Kc6 40. Rh1 c4 41. dxc4 Rb7 42. Rd1 Rg6 43. Rd5 Rb3+ 44. Rd3 Rb4 45. Rd5 Rb3+ 46. Rd3 Rxd3+ 47. Kxd3 Kc5 48. Kc3 a5 49. Rg1 Rf6 50. Rxg5 Rxf3+ 51. Kd2 Kd4 52. Rg7 Rf2+ 53. Ke1 Rh2 54. Rxh7 Kxc4 55. Ra7 Kd4 56. Rxa5 Kxe4 57. Rb5 Kf4 58. Rb3 e4 59. a5 Rxh6 60. Ra3 e3 61. Ke2 Rh2+ 62. Kd3 Rd2+ 63. Kc3 Rd1 64. Ra2 Kf3 65. Kb4 e2 66. Rxe2 Kxe2 67. a6 Kd3 68. Kb5 Kd4 69. a7 Rb1+ 70. Kc6 Ra1 71. Kb7 Rb1+ 72. Kc7 Ra1 73. Kb7 Rb1+ 74. Kc7 Ra1 75. Kb7 1/2-1/2


[Site "https://www.chess.com"]

[Event "Titled Tuesday Blitz May 23 Late 2023"]
[White "Sarana, Alexey"]
[Black "Nihal Sarin"]
[WhiteFideId "24133795"]
[BlackFideId "25092340"]
[WhiteElo "2714"]
[BlackElo "2689"]
[Result "0-1"]
[Round "07"]
[TimeControl "180+2"]
[Date "2023.05.23"]
[WhiteClock "0:00:00"]
[BlackClock "0:00:05"]

1. c4 b6 2. e4 Bb7 3. Nc3 e5 4. Nf3 Nc6 5. a3 a5 6. d3 Bc5 7. g3 Nge7 8. Bg2 O-O 9. O-O d6 10. Rb1 h6 11. Nh4 Qd7 12. Kh1 Nd8 13. b4 axb4 14. axb4 Bd4 15. Ne2 Ne6 16. Nf3 c5 17. bxc5 Bxc5 18. Nc3 f5 19. Nh4 Bd4 20. Nd5 fxe4 21. Nxe7+ Qxe7 22. Ng6 Qf7 23. Nxf8 Rxf8 24. Bxe4 Bxe4+ 25. dxe4 Nc5 26. Qe2 Qg6 27. Be3 Qxe4+ 28. Kg1 Rxf2 29. Rxf2 Qxb1+ 30. Rf1 Qe4 31. Rf3 Nd3 32. Kf1 Nc5 33. Bxd4 Qxd4 34. Kg2 e4 35. Rf5 Nd3 36. Qa2 Kh7 37. Rd5 Qe3 38. Rxd6 Qf3+ 39. Kg1 Qd1+ 40. Kg2 Ne1+ 41. Kf2 e3+ 42. Kf1 Nd3+ 43. Kg2 Ne1+ 44. Kf1 Qxd6 45. Kxe1 Qd3 46. Qb2 h5 47. h4 Qxc4 48. Qb1+ g6 49. Qxb6 Qc1+ 50. Ke2 Qd2+ 51. Kf3 Qf2+ 52. Ke4 Qg2+ 53. Kd3 Qd2+ 54. Kc4 e2 0-1


[Site "https://www.chess.com"]

[Event "Titled Tuesday Blitz May 23 Late 2023"]
[White "Caruana, Fabiano"]
[Black "Zhigalko, Sergei"]
[WhiteFideId "2020009"]
[BlackFideId "13502956"]
[WhiteElo "2837"]
[BlackElo "2626"]
[Result "1-0"]
[Round "07"]
[TimeControl "180+2"]
[Date "2023.05.23"]
[WhiteClock "0:00:06"]
[BlackClock "0:00:00"]

1. d4 Nf6 2. Nf3 e6 3. g3 b5 4. Bg2 Bb7 5. O-O Be7 6. a4 b4 7. c4 bxc3 8. Nxc3 O-O 9. Bf4 a5 10. Rc1 Na6 11. Re1 d6 12. e4 Nb4 13. b3 Rc8 14. h3 Qd7 15. Qd2 Rfd8 16. Rcd1 c5 17. dxc5 Rxc5 18. Be3 Rc6 19. Nd4 Rcc8 20. Ndb5 Qc6 21. Rc1 Qa6 22. Qe2 h6 23. Red1 Rd7 24. Bd4 Rdd8 25. Kh2 Nd7 26. Na2 Nc6 27. Be3 Nc5 28. Qb2 Qa8 29. Qb1 Na6 30. Bb6 Rd7 31. Nac3 Nab4 32. Ne2 Ne5 33. Rxc8+ Bxc8 34. Bd4 Nec6 35. Bc3 Bb7 36. Nf4 Bf8 37. Qb2 e5 38. Nd5 Nxd5 39. exd5 Ne7 40. Qd2 Ba6 41. Bxa5 Qb7 42. Bf1 Nf5 43. Bc3 Rd8 44. Bc4 Rc8 45. Qd3 Bxb5 46. Bxb5 Rc7 47. Rd2 Ne7 48. Bc4 Qb6 49. a5 Qa7 50. a6 Nc8 51. Ra2 Be7 52. Qe2 Bg5 53. h4 Be7 54. Bd2 1-0


[Site "https://www.chess.com"]